 Dungeon Crawl Stone Soup version 0.31-a0-38-g1548c4f2a5 (webtiles) character file.

Game seed: 10572610047286841125

1633 Newt the Nimble (level 8, -4/60 HPs)
             Began as a Demonspawn Gladiator on May 16, 2023.
             Was a Follower of Makhleb.
             Slain by a yak (10 damage)
             ... on level 8 of the Dungeon.
             The game lasted 00:06:01 (5918 turns).

Newt the Nimble (Demonspawn Gladiator)              Turns: 5918, Time: 00:06:02

Health: -4/60      AC:  7    Str: 23    XL:     8   Next: 66%
Magic:  8/8        EV: 16    Int: 13    God:    Makhleb [*.....]
Gold:   235        SH:  0    Dex: 16    Spells: 7/7 levels left

rFire   . . .        s - +0 quarterstaff (speed)
rCold   . . .        (shield currently unavailable)
rNeg    . . .        b - +0 leather armour
rPois   .            v - +2 helmet {Int+3}
rElec   .            o - scarf {repulsion}
rCorr   .            r - +0 pair of gloves
SInv    +            (no boots)
Will    .....        (no amulet)
Stlth   ++           h - ring of see invisible
HPRegen 0.30/turn    k - +6 ring of strength
MPRegen 0.11/turn

%: repel missiles
@: no status effects
A: thin skeletal structure 1, ignite blood 1, powered by death 2
a: Renounce Religion


You were on level 8 of the Dungeon.
You worshipped Makhleb.
Makhleb was aware of your devotion.
You visited 2 branches of the dungeon, and saw 8 of its levels.

You collected 235 gold pieces.

Inventory:

Hand Weapons
 a - a +0 rapier
 s - a +0 quarterstaff of speed (weapon)
Missiles
 d - 2 throwing nets
 e - a javelin
 i - 35 stones (quivered)
 D - 6 silver javelins
Armour
 b - a +0 leather armour (worn)
 c - a +0 helmet
 o - a scarf of repulsion (worn)
 r - a +0 pair of gloves (worn)
 v - a +2 helmet of intelligence (worn)
 C - a scarf of resistance
Jewellery
 h - a ring of see invisible (left hand)
 k - a +6 ring of strength (right hand)
 n - a ring of protection from fire
Wands
 w - a wand of flame (18)
Scrolls
 l - a scroll of blinking
 p - 3 scrolls of teleportation
 y - 3 scrolls of amnesia
 z - 3 scrolls of fear
 E - a scroll of enchant armour {unknown}
Potions
 f - a potion of mutation
 g - 2 potions of lignification
 j - a potion of heal wounds {unknown}
 m - a potion of berserk rage {unknown}
 q - a potion of brilliance {unknown}
 t - 5 potions of degeneration {unknown}
 u - a potion of curing
 x - 3 potions of ambrosia {unknown}
 A - 2 potions of might {unknown}
 B - a potion of attraction {unknown}


   Skills:
 - Level 4.0 Fighting
 - Level 2.6 Short Blades
 - Level 4.0 Staves
 - Level 1.7 Throwing
 + Level 9.1 Dodging


You had 7 spell levels left.
You didn't know any spells.
Your spell library contained the following spells:

 Spells                   Type           Power      Damage    Failure   Level
 Freeze                   Ice            0%         1d3       34%         1
 Sandblast                Erth           0%         2d4       34%         1
 Blink                    Tloc           0%         N/A       47%         2
 Lesser Beckoning         Tloc           0%         N/A       47%         2
 Momentum Strike          Conj/Tloc      0%         3d8       47%         2
 Passwall                 Tmut/Erth      0%         N/A       47%         2
 Frozen Ramparts          Ice            0%         1d1       71%         3
 Hailstorm                Conj/Ice       0%         3d3       71%         3
 Inner Flame              Hex/Fire       0%         N/A       71%         3
 Ozocubu's Armour         Ice            0%         N/A       71%         3
 Stone Arrow              Conj/Erth      0%         3d7       71%         3
 Flame Wave               Conj/Fire      0%         2d4       98%         4
 Sticky Flame             Conj/Fire      0%         2d3       98%         4
 Ozocubu's Refrigeration  Ice            0%         4d7       100%        7


Dungeon Overview and Level Annotations

Branches:
Dungeon (9/15)             Temple (1/1) D:4
   Lair: D:8-11         Orc: D:9-12

Altars:
Ashenzari
Cheibriados
Dithmenos
Gozag
Hepliaklqana
Kikubaaqudgha
Makhleb
Nemelex Xobeh
Okawaru
Sif Muna
Trog
Uskayaw
Xom
Yredelemnul

Shops:
D:2 (


Innate Abilities, Weirdness & Mutations

You have a somewhat thin skeletal structure. (Dex +2, Stealth+)
Your demonic aura sometimes causes spilled blood to erupt in flames.
You regenerate health from kills.


Message History

No target in view!
Found a chain mail.
Found a stone staircase leading down.
g - 2 potions of lignification (gained 1)
A yak comes into view. 2 yaks come into view.
The yak bellows!
You hear a bellow!
A yak comes into view. x2
The yak bellows! x2
You barely miss the yak. You sock the yak!
The yak is moderately wounded.
The yak is engulfed in blazing flames.
You sock the yak!
The yak is almost dead.
The yak gores you!
You hit the yak but do no damage.
The yak is almost dead.
You hit the yak.
The yak is almost dead.
A yak comes into view.
The yak gores you.
The yak is engulfed in blazing flames.
You hit the yak but do no damage.
The yak is almost dead.
The yak completely misses you. The yak misses you. The yak closely misses you.
Unknown command.
You barely miss the yak.
The yak is almost dead.
The yak closely misses you. The yak gores you. The yak barely misses you.
The yak attacks as you move away! The yak gores you! The yak barely misses you.
The yak attacks as you move away! The yak barely misses you.
The yak attacks as you move away! The yak gores you.
The yak attacks as you move away! The yak gores you but does no damage.
The yak attacks as you move away! The yak barely misses you.
The yak attacks as you move away! The yak gores you!
* * * LOW HITPOINT WARNING * * *
The yak attacks as you move away! The yak gores you.
* * * LOW HITPOINT WARNING * * *
The yak attacks as you move away! The yak completely misses you.
The yak attacks as you move away! The yak gores you!
You die...

#.# ##.## #.###...##
# ##.##.....##.##
#.........Y...#
#..##....Y##..# #
###..###.Y.## #
#.##.......Y.##
#.........YY#####..#
####.#..###.@......#
#.#..# ########.#
#.#..# ########.#..#
.........#...
###########.## .#


You could see 3 yaks.

Vanquished Creatures
  Pikel (D:4)
  A steam dragon (D:8)
  A sky beast (D:8)
  A black bear (D:5)
  An ogre (D:4)
  4 lemures (D:4)
  Blork the orc (D:5)
  A bullfrog (D:8)
  A scorpion (D:4)
  A jelly (D:4)
  2 hounds (D:5)
  9 orc priests
  Ijyb (D:5)
  An iguana (D:5)
  4 orc wizards
  5 adders
  3 ufetubi
  A worm (D:4)
  A dart slug (D:2)
  17 orcs
  5 endoplasms
  6 goblins
  6 hobgoblins
  3 jackals (D:2)
  9 kobolds
  3 quokkas
  8 ball pythons
  A bat (D:2)
  2 frilled lizards
  2 rats (D:1)
102 creatures vanquished.

Notes
Turn   | Place    | Note
-------+----------+-------------------------------------------
     0 | D:1      | Newt the Demonspawn Gladiator began the quest for the Orb.
     0 | D:1      | Reached XP level 1. HP: 16/16 MP: 1/1
   407 | D:1      | Gained mutation: You regenerate a little health from kills.
                  | [demonic ancestry]
   407 | D:1      | Reached XP level 2. HP: 20/23 MP: 2/2
   969 | D:2      | Reached XP level 3. HP: 15/29 MP: 3/3
  1149 | D:2      | Found Nasirraq's Antique Weapon Emporium.
  2080 | D:3      | Reached skill level 1 in Staves
  2738 | D:4      | Noticed a scorpion
  2747 | D:4      | Killed a scorpion
  2748 | D:4      | Reached XP level 4. HP: 31/37 MP: 4/4
  2907 | D:4      | Found a shimmering altar of Xom.
  2918 | D:4      | Found a shimmering altar of Xom.
  2919 | D:4      | Found a shimmering altar of Xom.
  2943 | D:4      | Noticed a lemure
  2946 | D:4      | Gained mutation: You regenerate health from kills. [demonic
                  | ancestry]
  2946 | D:4      | Reached XP level 5. HP: 41/42 MP: 5/5
  2949 | D:4      | Noticed a lemure
  2952 | D:4      | Noticed Pikel
  2953 | D:4      | Noticed a lemure
  2955 | D:4      | Noticed a lemure
  2966 | D:4      | Killed a lemure
  3049 | D:4      | Killed a lemure
  3223 | D:4      | Killed a lemure
  3223 | D:4      | Killed Pikel
  3223 | D:4      | Killed a lemure
  3224 | D:4      | Reached skill level 5 in Dodging
  3224 | D:4      | Gained mutation: Your demonic aura sometimes causes spilled
                  | blood to erupt in flames. [demonic ancestry]
  3224 | D:4      | Reached XP level 6. HP: 15/48 MP: 6/6
  3224 | D:4      | Reached XP level 7. HP: 17/54 MP: 7/7
  3449 | D:4      | Reached skill level 6 in Dodging
  3592 | D:4      | Found a staircase to the Ecumenical Temple.
  3631 | Temple   | Entered the Ecumenical Temple
  3753 | Temple   | Became a worshipper of Makhleb the Destroyer
  4523 | D:5      | Entered Level 5 of the Dungeon
  4603 | D:5      | Reached skill level 7 in Dodging
  4690 | D:5      | Noticed Ijyb
  4717 | D:5      | Killed Ijyb
  4718 | D:5      | Gained mutation: You have a somewhat thin skeletal
                  | structure. (Dex +2, Stealth+) [demonic ancestry]
  4718 | D:5      | Reached XP level 8. HP: 54/60 MP: 8/8
  4787 | D:5      | Noticed Blork the orc
  4801 | D:5      | Killed Blork the orc
  5090 | D:5      | Found an opulent altar of Gozag.
  5273 | D:5      | You fall into a shaft and drop 3 floors!
  5287 | D:8      | Reached * piety under Makhleb
  5288 | D:8      | Reached skill level 8 in Dodging
  5637 | D:8      | Found a hide-covered altar of Uskayaw.
  5638 | D:8      | Found a broken altar of Ashenzari.
  5725 | D:8      | Reached skill level 9 in Dodging
  5918 | D:8      | Slain by a yak

Illustrated notes

Levels and vault maps discovered:
D:1:      evilmike_arrival_crescent, layout_basic, serial_bayou_crossing
D:2:      layout_basic, serial_shops, nicolae_shop_peninsula,
          minmay_tetromino_o4
D:3:      layout_basic
D:4:      layout_gridville, xom_redecorated, temple_statues, bh_walls_and_bars,
          uniq_pikel
D:5:      layout_loops_ring, lemuel_doored_altar, uniq_ijyb, uniq_blork_the_orc
D:8:      layout_loops_ring, nicolae_tso_carved_into_rock,
          nicolae_overflow_squiral
D:9:      minmay_imperfect_grid, layout_layer_cave,
          ebering_ghost_reflecting_pool
Temple:   bh_familiar_temple

Skill      XL: |  1  2  3  4  5  6  7  8 |
---------------+-------------------------+-----
Fighting       | 3 4 |  4.0
Staves         | 2 4 |  4.0
Dodging        | 5 7 9 |  9.1
Short Blades   | |  2.6
Throwing       | |  1.7

Action                     |  1- 3 |  4- 6 |  7- 9 || total
---------------------------+-------+-------+-------++-------
  Melee: Rapier            |    96 |       |       ||    96
         Quarterstaff      |    50 |    75 |   223 ||   348
         Punch             |     1 |       |       ||     1
  Throw: Stone             |     3 |     5 |       ||     8
         Throwing net      |       |     2 |       ||     2
         Javelin           |       |     1 |     1 ||     2
    Use: Potion            |     1 |       |       ||     1
         Scroll            |     8 |     2 |     4 ||    14
   Stab: Sleeping          |     1 |       |       ||     1
 Armour: Leather armour    |    38 |    18 |    38 ||    94
  Dodge: Dodged            |   100 |    34 |   117 ||   251
         Repelled          |       |       |     2 ||     2

Table legend: (Time is in decaauts)
 A = Elapsed time spent in this place.
 B = Non-inter-level travel time spent in this place.
 C = Inter-level travel time spent in this place.
 D = Time resting spent in this place.
 E = Time spent auto-exploring this place.
 F = Levels seen in this place.
 G = Mean time per level.
                   A        B        C        D        E       F      G
               +--------+--------+--------+--------+--------+-----+--------+
         Total |   5847 |   5619 |    228 |   1369 |   3404 |   8 |  730.9 |
       Dungeon |   5711 |   5516 |    195 |   1369 |   3304 |   7 |  815.9 |
        Temple |    135 |    103 |     32 |      0 |    100 |   1 |  135.0 |
               +--------+--------+--------+--------+--------+-----+--------+

Top non-repeatable levels by time:
     D:4: 1624 daAuts
     D:1: 955 daAuts
     D:2: 927 daAuts
     D:3: 858 daAuts
     D:5: 717 daAuts
     D:8: 364 daAuts
     D:9: 262 daAuts
  Temple: 135 daAuts
